Map: Cerulean Fall LE

Players

stemgg

  • Race: Protoss Protoss
  • League: Diamond
  • Spawn Location: 1:00

ViBE - Winner!

  • Race: Zerg Zerg
  • League: Diamond
  • Spawn Location: 7:00

VOD

Have the link to the VOD?

Description

Time

  • Played on: Nov. 30, 2018, 6:38 p.m.
  • Length: 13:11
Show
View Real Time Build Order
Export as new Build Order

stemgg Protoss 

Build Orders: Phoenix Opening 

Get SALT Encoding   

  12  0:01  Probe  
  13  0:13  Probe  
  14  0:20  Pylon  
  14  0:25  Probe  
  15  0:34  Probe  
  15  0:42  Gateway, Probe  
  17  0:56  Assimilator, Probe  
  18  1:04  Probe  
  19  1:12  Pylon, Probe  
  20  1:23  Probe  
  21  1:31  Cybernetics Core  
  21  1:35  Pylon  
  21  1:37  Probe  
  22  1:59  Assimilator  
  22  2:00  Adept  
  22  2:06  Nexus  
  24  2:19  Probe  
  25  2:31  Probe  
  25  2:32  Gateway, Adept  
  28  2:53  Warp Gate, Stargate  
  27  3:16  Adept  
  27  3:19  Adept  
  27  3:21  Probe  
  30  3:29  Probe  
  30  3:31  Pylon  
  31  3:39  Probe  
  31  3:48  Phoenix, Probe  
  32  3:50  Stargate  
  33  3:56  Probe  
  33  3:57  Assimilator  
  33  3:59  Adept  
  36  4:06  Probe  
  36  4:08  Shield Battery  
  37  4:11  Pylon  
  37  4:18  Probe  
  36  4:35  Phoenix x2, Probe  
  38  4:43  Probe, Assimilator  
  39  4:52  Probe  
  40  4:53  Gateway  
  40  4:56  Adept  
  40  4:57  Adept  
  45  5:00  Probe  
  46  5:08  Probe  
  46  5:11  Phoenix x2  
  51  5:16  Probe  
  52  5:24  Probe  
  52  5:25  Adept x2  
  57  5:35  Probe  
  58  5:45  Phoenix x2  
  62  6:01  Probe  
  59  6:07  Phoenix  
  59  6:08  Phoenix  
  57  6:11  Probe  
  57  6:13  Shield Battery  
  58  6:19  Robotics Facility, Probe  
  58  6:23  Robotics Facility  
  58  6:24  Stalker  
  61  6:27  Probe  
  61  6:32  Protoss Air Weapons Level 1  
  62  6:45  Pylon  
  62  6:50  Pylon  
  62  6:53  Pylon  
  62  6:55  Pylon  
  62  6:57  Pylon  
  62  7:01  Phoenix  
  62  7:03  Probe  
  62  7:05  Phoenix  
  67  7:10  Immortal  
  67  7:13  Zealot  
  73  7:15  Probe  
  73  7:18  Phoenix  
  74  7:27  Gateway  
  76  7:32  Twilight Council  
  76  7:45  Immortal  
  76  7:46  Forge  
  76  7:48  Stalker  
  76  7:49  Stalker  
  75  8:34  Immortal  
  75  8:38  Immortal  
  83  8:42  Templar Archives  
  83  8:44  Gateway  
  83  8:45  Phoenix x2  
  87  8:49  Gateway  
  87  8:52  Pylon x2  
  87  9:07  Observer  
  87  9:10  Phoenix, Stalker x2  
  87  9:11  Nexus  
  87  9:13  Protoss Ground Weapons Level 1  
  87  9:15  Pylon  
  94  9:21  Observer  
  94  9:22  Phoenix  
  97  9:32  Pylon  
  89  10:02  Psionic Storm  
  85  10:24  Probe  
  85  10:25  High Templar  
  85  10:26  High Templar  
  90  10:32  Probe  
  86  10:42  Probe  
  87  10:43  Assimilator  
  87  10:48  Assimilator  
  88  10:50  Probe x2  
  88  10:54  Probe  
  91  11:02  Probe x2  
  93  11:06  Probe  
  94  11:14  Probe x2  
  94  11:16  High Templar x4  
  94  11:17  Zealot x2  
  109  11:18  Probe  
  109  11:21  Pylon  
  109  11:25  Shield Battery  
  109  11:26  Shield Battery, Probe  
  109  11:27  Pylon x2  
  109  11:30  Probe  
  111  11:40  Gateway x2  
  111  11:42  Probe  
  111  11:43  Gateway  
  111  11:44  Gateway  
  112  11:50  Stalker x2, Probe  
  116  11:59  Probe  
  116  12:00  Stalker x3  
  123  12:02  Zealot  
  123  12:06  Warp Prism  
  123  12:07  Warp Prism  
  130  12:09  Probe  
  131  12:21  Probe  
  130  12:35  Archon  
  130  12:36  Archon  
  102  12:37  Stalker  
  102  12:38  Stalker x2  
  102  12:39  Stalker x5  
  102  12:40  Stalker  
Show
View Real Time Build Order
Export as new Build Order

ViBE Zerg - Winner!

Build Orders: Hatch First 

Get SALT Encoding   

  12  0:01  Drone  
  13  0:14  Overlord  
  13  0:18  Drone  
  14  0:32  Drone x2  
  16  0:40  Drone  
  17  0:56  Drone  
  18  1:03  Hatchery  
  17  1:04  Drone  
  18  1:15  Spawning Pool  
  17  1:19  Drone  
  17  1:21  Drone  
  19  1:40  Drone  
  19  1:44  Drone  
  21  1:52  Drone  
  22  2:01  Hatchery  
  21  2:02  Overlord  
  21  2:15  Queen x2  
  21  2:20  Drone x2  
  27  2:32  Zergling x4  
  30  2:44  Zergling x4  
  30  2:48  Zergling x4  
  33  3:03  Drone x2  
  35  3:12  Queen x2, Drone x2  
  41  3:14  Drone  
  41  3:19  Drone  
  42  3:32  Overlord x3  
  42  3:36  Extractor  
  42  3:37  Extractor  
  40  3:42  Drone x3  
  42  4:02  Drone x11  
  53  4:07  Roach Warren  
  53  4:09  Drone x3  
  55  4:18  Overlord  
  55  4:19  Overlord  
  54  4:24  Drone  
  54  4:29  Drone  
  54  4:30  Drone x4  
  60  4:37  Lair  
  59  4:40  Drone  
  59  4:41  Drone x2  
  62  4:48  Spore Crawler  
  62  4:49  Spore Crawler x2, Drone  
  62  4:50  Drone x2  
  62  4:52  Overlord  
  62  4:58  Overlord  
  62  4:59  Roach  
  66  5:00  Roach  
  66  5:18  Roach, Extractor  
  66  5:19  Roach x5, Extractor  
  76  5:23  Drone x4  
  76  5:24  Drone  
  80  5:57  Drone  
  80  5:58  Drone x8  
  86  6:08  Drone x5  
  89  6:16  Overlord x6  
  89  6:17  Glial Reconstitution  
  89  6:22  Evolution Chamber  
  89  6:24  Hydralisk Den  
  87  6:41  Extractor  
  87  6:42  Extractor  
  87  6:47  Drone x5  
  87  6:51  Hatchery  
  87  6:52  Drone x3  
  87  6:53  Hydralisk, Drone x2  
  87  6:54  Hydralisk x7  
  94  6:56  Zerg Missile Weapons Level 1, Grooved Spines  
  110  7:04  Overseer  
  110  7:06  Hydralisk x3  
  116  7:11  Metabolic Boost  
  116  7:22  Drone, Baneling Nest  
  116  7:27  Hydralisk x4  
  124  7:37  Hydralisk x3  
  124  7:39  Overlord  
  124  7:40  Overlord x3  
  130  7:49  Overseer  
  130  8:05  Drone x13  
  143  8:11  Spore Crawler x2  
  137  8:13  Spore Crawler  
  137  8:14  Spore Crawler  
  137  8:15  Spore Crawler  
  137  8:16  Spore Crawler  
  137  8:19  Drone x4  
  130  8:25  Spore Crawler  
  130  8:26  Spore Crawler  
  128  8:28  Drone x10  
  128  8:29  Drone x2, Spore Crawler  
  133  8:36  Drone  
  134  8:41  Queen, Extractor  
  134  8:42  Extractor, Centrifical Hooks  
  134  8:45  Muscular Augments  
  134  8:54  Drone x2  
  134  8:55  Drone x3  
  139  8:56  Drone  
  139  8:58  Drone  
  139  8:59  Drone x3  
  139  9:02  Drone x2  
  146  9:09  Drone  
  147  9:12  Zerg Missile Weapons Level 2  
  147  9:15  Overlord  
  147  9:16  Overlord x5  
  147  9:29  Hydralisk x2  
  151  9:39  Queen  
  146  9:49  Drone x6  
  146  9:50  Drone x2  
  152  9:57  Overlord x4  
  150  10:07  Drone x2  
  150  10:08  Drone x2  
  153  10:14  Hydralisk x3  
  153  10:19  Infestation Pit  
  157  10:29  Hydralisk x5  
  167  10:40  Hatchery  
  166  10:43  Hydralisk x3  
  166  10:44  Hatchery, Hydralisk x6  
  183  10:52  Overlord x3  
  183  10:59  Zergling x2  
  183  11:01  Hive  
  183  11:04  Spire  
  180  11:10  Zergling x24  
  191  11:19  Zergling x6  
  194  11:40  Zergling x4  
  194  11:41  Zergling x6  
  194  11:43  Baneling x12  
  194  11:44  Baneling x22  
  199  11:51  Spore Crawler  
  199  11:52  Spore Crawler  
  199  11:53  Spore Crawler  
  162  12:38  Hydralisk  
  162  12:39  Hydralisk x10  
  162  12:41  Zergling x6  
  162  12:42  Zergling x32  
  199  12:45  Zergling x2  
  198  12:47  Zergling x2  
Tags
 
Add a new tag
Caveats
  • Supply blocks, unpowered buildings, or Contaminate may cause inaccurate times.
  • Supply counts are checked every 10 seconds.